[Event "55th Rubinstein Memorial-C 2019"]
[Site "Polanica-Zdroj"]
[Date "2019.08.18"]
[Round "2.11"]
[White "Sypien, Natan"]
[Black "Kurcaba, Lukasz"]
[Result "1/2-1/2"]
[ECO "D07"]
[WhiteElo "1819"]
[BlackElo "1529"]
[Annotator "NA"]
[PlyCount "113"]
[EventDate "2019.08.17"]
[EventType "swiss"]
[EventCountry "POL"]
[SourceTitle "playchess.com"]
[Source "ChessBase"]
[SourceQuality "1"]
[TimeControl "40/5400+30:1800+30"]

1. d4 d5 2. c4 Nc6 3. Nc3 e6 4. Nf3 Nf6 5. Bg5 Be7 6. e3 Ne4 7. Bxe7 Nxe7 8. Nxe4 dxe4 9. Ng5 f5 10. Qh5+ g6 11. Qh6 Ng8 12. Qg7 Qf6 13. Qxf6 Nxf6 14. f3 h6 15. Nh3 b6 16. Be2 Bb7 17. b4 Kf7 18. Nf2 exf3 19. Bxf3 Bxf3 20. gxf3 Rac8 21. Nd3 Nd7 22. Rb1 Rhe8 23. c5 c6 24. f4 g5 25. Ke2 g4 26. Rhc1 b5 27. a4 a6 28. axb5 axb5 29. Ra1 Ra8 30. Ra5 Rxa5 31. bxa5 Ra8 32. Ra1 Ke7 33. Nb4 Nb8 34. Kf2 Kf6 35. Kg3 h5 36. Kh4 Ra7 37. Ra2 Kg6 38. Ra1 Kf6 39. Nd3 Nd7 40. a6 Kg6 41. Nf2 Nb8 42. Nd3 Nd7 43. Nb4 Nb8 44. Ra2 Kf6 45. Re2 Ra8 46. Rg2 Kg6 47. Ra2 Ra7 48. Kg3 Kf6 49. Kh4 Kg6 50. h3 Kf6 51. Ra1 Kg6 52. Re1 Ra8 53. e4 Nxa6 54. Ra1 Nc7 55. Rxa8 Nxa8 56. e5 Nc7 57. Nxc6 1/2-1/2

[Event "55th Rubinstein Memorial-C 2019"]
[Site "Polanica-Zdroj"]
[Date "2019.08.18"]
[Round "2.12"]
[White "Rog, Bartlomiej"]
[Black "Matuszczyk, Mateusz"]
[Result "1-0"]
[ECO "B29"]
[WhiteElo "1540"]
[BlackElo "1808"]
[Annotator "NA"]
[PlyCount "111"]
[EventDate "2019.08.17"]
[EventType "swiss"]
[EventCountry "POL"]
[SourceTitle "playchess.com"]
[Source "ChessBase"]
[SourceQuality "1"]
[TimeControl "40/5400+30:1800+30"]

1. e4 c5 2. Nf3 Nf6 3. e5 Nd5 4. c4 Nb4 5. Nc3 d6 6. a3 N4c6 7. exd6 Qxd6 8. Nb5 Qd8 9. d4 a6 10. d5 axb5 11. dxc6 Qxd1+ 12. Kxd1 b4 13. c7 Nc6 14. Bd3 f6 15. Be3 b6 16. Ke2 bxa3 17. Rhd1 Kd7 18. b4 Kxc7 19. bxc5 bxc5 20. Bxc5 e5 21. Bxf8 Rxf8 22. Be4 Be6 23. c5 a2 24. Rd6 Bc4+ 25. Kd2 Rfd8 26. Kc3 Bb5 27. Rxd8 Kxd8 28. Bd5 Kc7 29. Rxa2 Rxa2 30. Bxa2 Ne7 31. Kb4 Bc6 32. Ne1 Be4 33. Bc4 Nc6+ 34. Kc3 Nd4 35. Bd3 Bxd3 36. Nxd3 Ne6 37. Kc4 e4 38. Nb4 f5 39. g3 g6 40. Kd5 Ng5 41. c6 Kb6 42. Kd6 Nf7+ 43. Ke6 Ng5+ 44. Kd7 Nf7 45. Nd5+ Kc5 46. c7 Nd6 47. Nf4 g5 48. Ne6+ Kd5 49. Nxg5 h5 50. Nf7 Nc4 51. Kc8 Kc6 52. Nd8+ Kd5 53. Kb8 Nb6 54. Kb7 Nc4 55. Nf7 Na5+ 56. Ka6 1-0

[Event "55th Rubinstein Memorial-C 2019"]
[Site "Polanica-Zdroj"]
[Date "2019.08.18"]
[Round "2.13"]
[White "Karnasiewicz, Robert"]
[Black "Klama, Andrzej"]
[Result "1-0"]
[ECO "A40"]
[WhiteElo "1803"]
[BlackElo "1525"]
[Annotator "NA"]
[PlyCount "125"]
[EventDate "2019.08.17"]
[EventType "swiss"]
[EventCountry "POL"]
[SourceTitle "playchess.com"]
[Source "ChessBase"]
[SourceQuality "1"]
[TimeControl "40/5400+30:1800+30"]

1. d4 e6 2. c4 b6 3. e4 Bb7 4. Bd3 h6 5. Ne2 Nc6 6. a3 Nge7 7. O-O d6 8. f4 Qd7 9. d5 Nd8 10. Nbc3 a6 11. f5 e5 12. b4 f6 13. Rb1 Nf7 14. Be3 Nc8 15. c5 dxc5 16. bxc5 Bxc5 17. Bxc5 bxc5 18. Rxb7 O-O 19. Rb1 Ncd6 20. Qa4 Qxa4 21. Nxa4 c4 22. Bc2 Nb5 23. Ra1 Nfd6 24. Nec3 Rfe8 25. Bd1 Nd4 26. g4 Reb8 27. Ra2 N6b5 28. h4 Kf7 29. Rff2 Nb3 30. Bxb3 cxb3 31. Rab2 Nd4 32. Nc5 a5 33. N3a4 Rb5 34. Ne6 Rc8 35. Nac5 Rb6 36. Nxd4 exd4 37. Rxb3 Ke7 38. Rfb2 Kd6 39. Nd3 Rxb3 40. Rxb3 Re8 41. Nf2 Kc5 42. Kg2 Kc4 43. Rb1 Re7 44. Kf3 Kc3 45. Rb5 Kd2 46. Rxa5 Re8 47. Ra4 Kc3 48. Ra7 Rc8 49. e5 fxe5 50. Ke4 Kc2 51. Nd3 c5 52. dxc6 Rxc6 53. Nxe5 Rd6 54. Rc7+ Kb3 55. Rd7 Ra6 56. Rxg7 Kxa3 57. Kxd4 Kb3 58. Rb7+ Kc2 59. g5 hxg5 60. hxg5 Rd6+ 61. Ke4 Rd1 62. Rc7+ Kb3 63. f6 1-0

[Event "55th Rubinstein Memorial-C 2019"]
[Site "Polanica-Zdroj"]
[Date "2019.08.18"]
[Round "2.14"]
[White "Hasterok, Lukasz"]
[Black "Kroliczek, Gabriela"]
[Result "1/2-1/2"]
[ECO "A40"]
[WhiteElo "1531"]
[BlackElo "1787"]
[Annotator "NA"]
[PlyCount "70"]
[EventDate "2019.08.17"]
[EventType "swiss"]
[EventCountry "POL"]
[SourceTitle "playchess.com"]
[Source "ChessBase"]
[SourceQuality "1"]
[TimeControl "40/5400+30:1800+30"]

1. d4 g6 2. Nf3 Bg7 3. Bf4 c5 4. c3 Qb6 5. Qb3 d6 6. e3 Nc6 7. Bc4 Qxb3 8. axb3 e5 9. dxe5 dxe5 10. Bg3 Nge7 11. h3 O-O 12. O-O Bd7 13. Rd1 Rad8 14. Nbd2 h6 15. Ne4 b6 16. Nd6 Be8 17. Bh4 g5 18. Bg3 Kh8 19. Bb5 f5 20. Bxe5 Bxe5 21. Nxe5 Nxe5 22. Bxe8 N7c6 23. Bxc6 Nxc6 24. Nb5 a5 25. Kf1 Ne5 26. Ke2 Ng6 27. Rd6 Rxd6 28. Nxd6 f4 29. e4 f3+ 30. gxf3 Nf4+ 31. Ke3 Ng2+ 32. Ke2 Nf4+ 33. Ke3 Ng2+ 34. Ke2 Nf4+ 35. Kf1 Nd3 1/2-1/2

[Event "55th Rubinstein Memorial-C 2019"]
[Site "Polanica-Zdroj"]
[Date "2019.08.18"]
[Round "2.15"]
[White "Burdzicki, Stanislaw"]
[Black "Szlosarczyk, Hubert"]
[Result "1-0"]
[ECO "D30"]
[WhiteElo "1785"]
[BlackElo "1519"]
[Annotator "NA"]
[PlyCount "107"]
[EventDate "2019.08.17"]
[EventType "swiss"]
[EventCountry "POL"]
[SourceTitle "playchess.com"]
[Source "ChessBase"]
[SourceQuality "1"]
[TimeControl "40/5400+30:1800+30"]

1. d4 d5 2. c4 e6 3. Nf3 Nf6 4. g3 c6 5. Qc2 dxc4 6. Qxc4 b5 7. Qc2 Nd5 8. Bd2 Nb4 9. Bxb4 Bxb4+ 10. Nbd2 Bb7 11. Bg2 O-O 12. O-O Nd7 13. Ne4 Qe7 14. a3 Ba5 15. Ne5 Rac8 16. Nxd7 Qxd7 17. Nc5 Qe7 18. Nxb7 Qxb7 19. Rfc1 Qd7 20. e3 Rc7 21. Bxc6 Qd6 22. Qc5 Qxc5 23. Rxc5 Bb6 24. Rc3 Rfc8 25. Rac1 Ba5 26. b4 Bb6 27. Kf1 a6 28. Ke2 Kf8 29. Kd3 Ke7 30. Bb7 Rxc3+ 31. Rxc3 Rxc3+ 32. Kxc3 Kd7 33. Bxa6 Kc6 34. Kb3 Bd8 35. a4 bxa4+ 36. Kxa4 Kb6 37. Bd3 h6 38. Bh7 f6 39. Kb3 Kb5 40. Bd3+ Kc6 41. Kc4 Bc7 42. Bg6 Bd6 43. Be8+ Kb6 44. b5 Kc7 45. Bf7 e5 46. Kd5 exd4 47. b6+ Kd7 48. Be6+ Ke7 49. exd4 Bb8 50. Bf5 Kd8 51. Kc6 g5 52. Kb7 Bd6 53. Ka7 h5 54. b7 1-0

[Event "55th Rubinstein Memorial-C 2019"]
[Site "Polanica-Zdroj"]
[Date "2019.08.18"]
[Round "2.16"]
[White "Szydelko, Michal"]
[Black "Juszczak, Milosz"]
[Result "1-0"]
[ECO "B06"]
[WhiteElo "1752"]
[BlackElo "1516"]
[Annotator "NA"]
[PlyCount "157"]
[EventDate "2019.08.17"]
[EventType "swiss"]
[EventCountry "POL"]
[SourceTitle "playchess.com"]
[Source "ChessBase"]
[SourceQuality "1"]
[TimeControl "40/5400+30:1800+30"]

1. e4 g6 2. d4 d5 3. exd5 Qxd5 4. Nf3 Nh6 5. Be2 Nf5 6. O-O Bg7 7. c3 O-O 8. Bf4 Na6 9. Bxa6 bxa6 10. Qb3 Qc6 11. Nbd2 Be6 12. Qc2 Nxd4 13. Nxd4 Bxd4 14. Qe4 Qxe4 15. Nxe4 Bb6 16. Rfe1 Bf5 17. Ng3 Be6 18. Ne4 Rfe8 19. b3 Rad8 20. Rad1 Bg4 21. Rd2 Bf5 22. Ng3 Rxd2 23. Bxd2 Be6 24. Kf1 a5 25. Ke2 a4 26. Rb1 f5 27. Nf1 Rd8 28. Be3 c5 29. Nd2 Rd5 30. bxa4 Ba5 31. Rb7 Bxc3 32. Rxe7 Bxd2 33. Rxe6 Bxe3 34. fxe3 c4 35. Rc6 Rd3 36. Rxc4 Ra3 37. Rc8+ Kg7 38. Rc7+ Kh6 39. Rxa7 Rxa2+ 40. Kf3 Kg5 41. Rxh7 Rxa4 42. Rd7 Ra1 43. Kg3 Ra4 44. Rd4 Ra2 45. h4+ Kh6 46. Kf3 Ra3 47. g3 Ra1 48. e4 fxe4+ 49. Rxe4 Ra3+ 50. Kg4 Ra5 51. Re8 Ra4+ 52. Kh3 Ra3 53. Re4 Ra5 54. Kg4 Rb5 55. Kh3 Rb3 56. Kg4 Rb5 57. Kf4 Rf5+ 58. Ke3 Ra5 59. g4 Ra3+ 60. Kf4 Rh3 61. Re8 Ra3 62. g5+ Kg7 63. Re7+ Kf8 64. Re6 Kf7 65. Rf6+ Kg7 66. Kg4 Ra1 67. Rb6 Ra4+ 68. Kg3 Ra3+ 69. Kf4 Ra4+ 70. Ke5 Rxh4 71. Rb7+ Kg8 72. Kf6 Ra4 73. Rg7+ Kh8 74. Rxg6 Ra6+ 75. Kf5 Rxg6 76. Kxg6 Kg8 77. Kf6 Kf8 78. g6 Kg8 79. g7 1-0

[Event "55th Rubinstein Memorial-C 2019"]
[Site "Polanica-Zdroj"]
[Date "2019.08.18"]
[Round "2.17"]
[White "Zgoda, Damian"]
[Black "Grzadka, Artur"]
[Result "1-0"]
[ECO "A45"]
[WhiteElo "1725"]
[BlackElo "1512"]
[Annotator "NA"]
[PlyCount "59"]
[EventDate "2019.08.17"]
[EventType "swiss"]
[EventCountry "POL"]
[SourceTitle "playchess.com"]
[Source "ChessBase"]
[SourceQuality "1"]
[TimeControl "40/5400+30:1800+30"]

1. d4 Nf6 2. Bg5 e6 3. Nd2 Be7 4. e3 O-O 5. Bd3 d5 6. Ngf3 b6 7. c3 Bb7 8. O-O c5 9. Ne5 Nbd7 10. Qa4 Nxe5 11. dxe5 Nd7 12. Qh4 h6 13. Bxe7 Qc7 14. Bxf8 Rxf8 15. f4 c4 16. Bc2 Qc5 17. Rf3 b5 18. Rg3 Kh8 19. Qg4 Rg8 20. Qh5 Qe7 21. Nf3 a5 22. Nh4 Nf8 23. Nf3 Nd7 24. Rf1 Nc5 25. Ng5 Rf8 26. Nh7 Rg8 27. Nf6 Rf8 28. Ng4 Nd3 29. Nxh6 Rc8 30. Nf5+ 1-0

[Event "55th Rubinstein Memorial-C 2019"]
[Site "Polanica-Zdroj"]
[Date "2019.08.18"]
[Round "2.18"]
[White "Rosa, Antoni"]
[Black "Gromada, Andrzej"]
[Result "1-0"]
[ECO "A36"]
[WhiteElo "1528"]
[BlackElo "1721"]
[Annotator "NA"]
[PlyCount "121"]
[EventDate "2019.08.17"]
[EventType "swiss"]
[EventCountry "POL"]
[SourceTitle "playchess.com"]
[Source "ChessBase"]
[SourceQuality "1"]
[TimeControl "40/5400+30:1800+30"]

1. c4 g6 2. Nc3 c5 3. g3 Bg7 4. Bg2 Nc6 5. b3 Nf6 6. Bb2 O-O 7. Nf3 d5 8. cxd5 Nxd5 9. Nh4 Be6 10. Qc1 Rc8 11. Nxd5 Bxd5 12. Bxg7 Kxg7 13. Qb2+ Kg8 14. Rc1 Nd4 15. Rc3 Bxg2 16. Nxg2 Qd5 17. Rg1 Qh5 18. Re3 Qxh2 19. Kf1 Rfe8 20. Re4 Qh3 21. Rh4 Qd7 22. Ne1 e5 23. Rgh1 h5 24. Qc3 Nf5 25. R4h2 Qd4 26. Qf3 e4 27. Qf4 Qg7 28. g4 Nd4 29. gxh5 g5 30. Qg3 f5 31. Qd6 Rc6 32. Qd5+ Qf7 33. Qxf7+ Kxf7 34. h6 Kg8 35. Rh5 Rg6 36. Rg1 Ne6 37. Nc2 f4 38. Na3 Kh7 39. Nc4 Rd8 40. Ne5 Rf6 41. Ke1 Rd5 42. Ng4 Rf8 43. Rh3 b5 44. Nh2 Rd6 45. Ng4 Rf5 46. Rc3 Nd4 47. Rh1 Ra6 48. e3 Nf3+ 49. Ke2 Rxa2 50. Rd1 Nh4 51. Rdc1 f3+ 52. Kd1 Ng6 53. Rxc5 Rf8 54. Rxb5 Rd8 55. Nf6+ Kxh6 56. Nxe4 g4 57. d4 Re8 58. Nf6 Rh8 59. Nxg4+ Kg7 60. Rc7+ Kg8 61. Rb8+ 1-0

[Event "55th Rubinstein Memorial-C 2019"]
[Site "Polanica-Zdroj"]
[Date "2019.08.18"]
[Round "2.19"]
[White "Wojtas, Julia"]
[Black "Musial, Igor"]
[Result "0-1"]
[ECO "B56"]
[WhiteElo "1522"]
[BlackElo "1717"]
[Annotator "NA"]
[PlyCount "66"]
[EventDate "2019.08.17"]
[EventType "swiss"]
[EventCountry "POL"]
[SourceTitle "playchess.com"]
[Source "ChessBase"]
[SourceQuality "1"]
[TimeControl "40/5400+30:1800+30"]

1. e4 c5 2. Nf3 Nc6 3. d4 cxd4 4. Nxd4 Nf6 5. Nc3 d6 6. a4 e5 7. Ndb5 a6 8. Na3 Be6 9. Bg5 Be7 10. Nc4 Nd4 11. Be3 Rc8 12. Na3 Qb6 13. Rb1 O-O 14. Be2 Qb4 15. Bd2 Qc5 16. O-O d5 17. b4 Qc7 18. exd5 Nxd5 19. Nxd5 Bxd5 20. c4 Nxe2+ 21. Qxe2 Bxc4 22. Nxc4 Qxc4 23. Qxe5 Bf6 24. Qf5 Qa2 25. Be3 Qxa4 26. Bc5 Rfe8 27. Rfd1 Qb5 28. Rd6 a5 29. Rb6 Qe2 30. Be3 a4 31. Rxb7 a3 32. Qd7 a2 33. Qxf7+ Kh8 0-1

[Event "55th Rubinstein Memorial-C 2019"]
[Site "Polanica-Zdroj"]
[Date "2019.08.18"]
[Round "2.20"]
[White "Witkowski, Krzysztof"]
[Black "Arciszewska, Zuzanna"]
[Result "1-0"]
[ECO "C86"]
[WhiteElo "1707"]
[BlackElo "1499"]
[Annotator "NA"]
[PlyCount "67"]
[EventDate "2019.08.17"]
[EventType "swiss"]
[EventCountry "POL"]
[SourceTitle "playchess.com"]
[Source "ChessBase"]
[SourceQuality "1"]
[TimeControl "40/5400+30:1800+30"]

1. e4 e5 2. Nf3 Nc6 3. Bb5 a6 4. Ba4 Nf6 5. O-O b5 6. Bb3 Be7 7. Qe2 d6 8. c3 O-O 9. d4 Bg4 10. Rd1 Re8 11. d5 Nb8 12. a4 bxa4 13. Bxa4 Bd7 14. Bc2 c6 15. c4 Qc7 16. Nc3 Bg4 17. h3 Bh5 18. Be3 Nbd7 19. dxc6 Qxc6 20. Ba4 Qb7 21. Nd5 Nxd5 22. cxd5 Reb8 23. Bc6 Qc7 24. Rdc1 Qd8 25. Bxa8 Rxa8 26. Rxa6 Rxa6 27. Qxa6 Nf8 28. Rc8 Qd7 29. Qc6 Qxc6 30. dxc6 Bxf3 31. gxf3 f6 32. c7 Kf7 33. Rxf8+ Bxf8 34. c8=Q 1-0

[Event "55th Rubinstein Memorial-C 2019"]
[Site "Polanica-Zdroj"]
[Date "2019.08.18"]
[Round "2.21"]
[White "Kolodziejski, Piotr"]
[Black "Bartlomowicz, Jakub"]
[Result "1/2-1/2"]
[ECO "B33"]
[WhiteElo "1701"]
[BlackElo "1497"]
[Annotator "NA"]
[PlyCount "80"]
[EventDate "2019.08.17"]
[EventType "swiss"]
[EventCountry "POL"]
[SourceTitle "playchess.com"]
[Source "ChessBase"]
[SourceQuality "1"]
[TimeControl "40/5400+30:1800+30"]

1. e4 c5 2. Nf3 Nc6 3. d4 cxd4 4. Nxd4 Nf6 5. Nc3 e5 6. Ndb5 d6 7. Bg5 a6 8. Na3 b5 9. Nd5 Be7 10. Bxf6 Bxf6 11. c4 b4 12. Nc2 O-O 13. Ndxb4 Nxb4 14. Nxb4 Qb6 15. Nd5 Qxb2 16. Bd3 Bd8 17. O-O Be6 18. Qc2 Qxc2 19. Bxc2 Bxd5 20. cxd5 Bb6 21. Rab1 Rab8 22. Bd3 a5 23. Rfc1 Bc5 24. Kf1 Rb4 25. Rxb4 axb4 26. Ke2 Ra8 27. Bc4 Kf8 28. f3 Ke7 29. h4 f6 30. g4 h6 31. Rh1 Rh8 32. h5 Ra8 33. Rf1 Ra3 34. Bb3 Ra7 35. Kd3 Rc7 36. Rc1 Rb7 37. Rc2 Rb6 38. Rc1 Rb7 39. Rc2 Rb6 40. Rc1 Rb7 1/2-1/2

[Event "55th Rubinstein Memorial-C 2019"]
[Site "Polanica-Zdroj"]
[Date "2019.08.18"]
[Round "2.22"]
[White "Kurtycz, Maciej"]
[Black "Brzozowski, Pawel"]
[Result "1-0"]
[ECO "C18"]
[WhiteElo "1689"]
[BlackElo "1496"]
[Annotator "NA"]
[PlyCount "43"]
[EventDate "2019.08.17"]
[EventType "swiss"]
[EventCountry "POL"]
[SourceTitle "playchess.com"]
[Source "ChessBase"]
[SourceQuality "1"]
[TimeControl "40/5400+30:1800+30"]

1. e4 e6 2. d4 d5 3. Nc3 Bb4 4. e5 c5 5. a3 Bxc3+ 6. bxc3 Nc6 7. Qg4 Nge7 8. Nf3 Qc7 9. Bb5 cxd4 10. O-O Bd7 11. cxd4 O-O-O 12. Rb1 Rdg8 13. Rd1 f5 14. Qf4 h6 15. c4 a6 16. Bxc6 Bxc6 17. c5 g5 18. Qd2 Ng6 19. Qb4 g4 20. Nd2 Nf4 21. Nb3 Bb5 22. Bxf4 1-0

[Event "55th Rubinstein Memorial-C 2019"]
[Site "Polanica-Zdroj"]
[Date "2019.08.18"]
[Round "2.23"]
[White "Wolska, Marta"]
[Black "Maslo, Slawomir"]
[Result "0-1"]
[ECO "D43"]
[WhiteElo "1516"]
[BlackElo "1687"]
[Annotator "NA"]
[PlyCount "98"]
[EventDate "2019.08.17"]
[EventType "swiss"]
[EventCountry "POL"]
[SourceTitle "playchess.com"]
[Source "ChessBase"]
[SourceQuality "1"]
[TimeControl "40/5400+30:1800+30"]

1. d4 d5 2. c4 c6 3. Nc3 Nf6 4. Nf3 e6 5. cxd5 exd5 6. Bg5 Bd6 7. h3 Bf5 8. e3 Nbd7 9. Bd3 Bxd3 10. Qxd3 Qb6 11. Rb1 O-O 12. O-O h6 13. Bf4 Bxf4 14. exf4 Rfe8 15. Ne5 Rad8 16. b4 Nf8 17. Na4 Qc7 18. b5 cxb5 19. Rxb5 b6 20. Rb3 Ne4 21. Nc3 f6 22. Nb5 Qb7 23. Nf3 Ne6 24. g3 Rc8 25. Nd2 a6 26. Nc3 Nxd2 27. Qxd2 Rc4 28. Qe3 Qc6 29. Ne2 Nc7 30. Qf3 Nb5 31. Rd1 Re4 32. Rbd3 Rc2 33. Re3 Qc4 34. Rdd3 Qxa2 35. Nc3 Nxc3 36. Rxc3 Rxe3 37. Rxe3 Qa1+ 38. Kg2 Qxd4 39. Re8+ Kf7 40. Re3 b5 41. Qh5+ g6 42. Qxh6 Qxe3 43. Qh7+ Ke6 44. Qg8+ Ke7 45. Qg7+ Kd6 46. Qxf6+ Qe6 47. Qf8+ Kc6 48. Qa8+ Kb6 49. Qb8+ Ka5 0-1

[Event "55th Rubinstein Memorial-C 2019"]
[Site "Polanica-Zdroj"]
[Date "2019.08.18"]
[Round "2.24"]
[White "Wilgosz, Tomasz"]
[Black "Grzelak, Piotr"]
[Result "0-1"]
[ECO "C02"]
[WhiteElo "1513"]
[BlackElo "1673"]
[Annotator "NA"]
[PlyCount "108"]
[EventDate "2019.08.17"]
[EventType "swiss"]
[EventCountry "POL"]
[SourceTitle "playchess.com"]
[Source "ChessBase"]
[SourceQuality "1"]
[TimeControl "40/5400+30:1800+30"]

1. e4 e6 2. d4 d5 3. e5 c5 4. c3 Nc6 5. Nf3 Bd7 6. Bd3 Qb6 7. O-O cxd4 8. cxd4 Nxd4 9. Nxd4 Qxd4 10. Nc3 a6 11. Qf3 Ne7 12. Rd1 Qxe5 13. Bf4 Qf6 14. Qg3 Nf5 15. Qh3 Bd6 16. Bxf5 Bxf4 17. Nxd5 Qxf5 18. Qxf5 exf5 19. Nxf4 Be6 20. Rd6 Rd8 21. Rb6 Bc8 22. Re1+ Kf8 23. Rc1 g6 24. g3 Kg7 25. Rc7 Rhe8 26. h4 Rd7 27. Rc3 Red8 28. a3 Re7 29. Kf1 Rd1+ 30. Kg2 Be6 31. Re3 Kf6 32. Kf3 Rd2 33. g4 fxg4+ 34. Ke4 Kg7 35. Nxe6+ Rxe6+ 36. Rxe6 fxe6 37. Kf4 Rxf2+ 38. Kxg4 Rxb2 39. Rxe6 Kf7 40. Rd6 Ke7 41. Rd3 Re2 42. Kg5 Re5+ 43. Kf4 Rf5+ 44. Kg4 h5+ 45. Kg3 b5 46. Rc3 Kd6 47. Rc8 Rf6 48. Rc1 Kd5 49. Rc8 Rc6 50. Rg8 Kc4 51. Kf4 Kb3 52. Kg5 Kxa3 53. Rxg6 Rxg6+ 54. Kxg6 b4 0-1

[Event "55th Rubinstein Memorial-C 2019"]
[Site "Polanica-Zdroj"]
[Date "2019.08.18"]
[Round "2.25"]
[White "Szeliga, Sebastian"]
[Black "Topola, Rafal"]
[Result "0-1"]
[ECO "B44"]
[WhiteElo "1506"]
[BlackElo "1660"]
[Annotator "NA"]
[PlyCount "90"]
[EventDate "2019.08.17"]
[EventType "swiss"]
[EventCountry "POL"]
[SourceTitle "playchess.com"]
[Source "ChessBase"]
[SourceQuality "1"]
[TimeControl "40/5400+30:1800+30"]

1. e4 c5 2. Nf3 e6 3. d4 cxd4 4. Nxd4 Nc6 5. Nf3 Qc7 6. Be3 Nf6 7. Nbd2 d5 8. Bd3 Be7 9. h3 O-O 10. O-O Rd8 11. exd5 Nxd5 12. Qe2 Nxe3 13. Qxe3 b6 14. Rfd1 Bb7 15. a3 Bf6 16. Rab1 Nd4 17. Nxd4 Bxd4 18. Qe2 Qe5 19. b3 Qxe2 20. Bxe2 Rac8 21. Bd3 g6 22. Kf1 Kg7 23. Ne4 h6 24. Ng3 e5 25. c4 f5 26. f3 Rc7 27. Ne2 Rcd7 28. Nxd4 Rxd4 29. Ke2 Kf6 30. Bc2 e4 31. Rxd4 Rxd4 32. Rd1 Rxd1 33. Bxd1 exf3+ 34. gxf3 Ke5 35. Ke3 f4+ 36. Kd3 g5 37. b4 Bc8 38. c5 bxc5 39. bxc5 Bxh3 40. c6 Bf1+ 41. Kd2 Kd6 42. Ba4 Bc4 43. Ke1 Bd5 44. c7 Kxc7 45. Be8 Bxf3 0-1

[Event "55th Rubinstein Memorial-C 2019"]
[Site "Polanica-Zdroj"]
[Date "2019.08.18"]
[Round "2.26"]
[White "Ursnik, Patryk"]
[Black "Stoop, Jan"]
[Result "1-0"]
[ECO "C47"]
[WhiteElo "1497"]
[BlackElo "1654"]
[Annotator "NA"]
[PlyCount "79"]
[EventDate "2019.08.17"]
[EventType "swiss"]
[EventCountry "POL"]
[SourceTitle "playchess.com"]
[Source "ChessBase"]
[SourceQuality "1"]
[TimeControl "40/5400+30:1800+30"]

1. e4 e5 2. Nf3 Nc6 3. Nc3 Nf6 4. d4 exd4 5. Nxd4 Bb4 6. Nxc6 bxc6 7. Bd3 d5 8. exd5 cxd5 9. O-O O-O 10. Bg5 c6 11. Qf3 Be7 12. h3 Rb8 13. b3 h6 14. Bxh6 Bd6 15. Bf4 Qc7 16. Ne2 Be6 17. Bxd6 Qxd6 18. Nf4 Rfe8 19. Rfe1 Bd7 20. a4 Qb4 21. c3 Qd6 22. b4 d4 23. Red1 Qc7 24. cxd4 Rxb4 25. g3 Qa5 26. Bc2 Bf5 27. Bxf5 Qxf5 28. Qxc6 Rc8 29. Qf3 g5 30. Qd3 Qd7 31. Qd2 Rxa4 32. Rxa4 Qxa4 33. Nd5 Nxd5 34. Qxg5+ Kh8 35. Qh5+ Kg7 36. Qg4+ Kh7 37. Re1 Qc6 38. Re5 Nf6 39. Qf5+ Kg7 40. Rc5 1-0

[Event "55th Rubinstein Memorial-C 2019"]
[Site "Polanica-Zdroj"]
[Date "2019.08.18"]
[Round "2.27"]
[White "Jaroszuk, Marcin"]
[Black "Chmielewski, Miroslaw"]
[Result "1-0"]
[ECO "A02"]
[WhiteElo "1496"]
[BlackElo "1646"]
[Annotator "NA"]
[PlyCount "48"]
[EventDate "2019.08.17"]
[EventType "swiss"]
[EventCountry "POL"]
[SourceTitle "playchess.com"]
[Source "ChessBase"]
[SourceQuality "1"]
[TimeControl "40/5400+30:1800+30"]

1. f4 c5 2. Nf3 Nc6 3. e3 d6 4. Be2 g6 5. O-O Bg7 6. d3 e6 7. c3 Nge7 8. e4 O-O 9. Qe1 Bd7 10. Na3 d5 11. Be3 b6 12. Rd1 Nc8 13. g4 f5 14. gxf5 gxf5 15. e5 N8e7 16. Qh4 Ng6 17. Qh3 h6 18. Kh1 Be8 19. Rg1 a6 20. Nc2 Bf7 21. Rg3 Re8 22. Rdg1 Nce7 23. Nh4 Kh7 24. Bh5 d4 1-0

[Event "55th Rubinstein Memorial-C 2019"]
[Site "Polanica-Zdroj"]
[Date "2019.08.18"]
[Round "2.28"]
[White "Goszyk, Bartosz"]
[Black "Wianecki, Mateusz"]
[Result "0-1"]
[ECO "C11"]
[WhiteElo "1486"]
[BlackElo "1634"]
[Annotator "NA"]
[PlyCount "70"]
[EventDate "2019.08.17"]
[EventType "swiss"]
[EventCountry "POL"]
[SourceTitle "playchess.com"]
[Source "ChessBase"]
[SourceQuality "1"]
[TimeControl "40/5400+30:1800+30"]

1. e4 e6 2. d4 d5 3. Nc3 Nf6 4. e5 Ne4 5. Nxe4 dxe4 6. Be3 c5 7. Bb5+ Bd7 8. Bxd7+ Nxd7 9. c3 cxd4 10. cxd4 Bb4+ 11. Bd2 Bxd2+ 12. Qxd2 O-O 13. Ne2 f5 14. Nc3 Nb6 15. b3 Qd7 16. O-O Rad8 17. Rfd1 Nd5 18. Rac1 Rc8 19. Nxd5 Qxd5 20. Qb4 Rxc1 21. Rxc1 Rd8 22. Qe7 Qd7 23. Qxd7 Rxd7 24. f3 e3 25. Re1 f4 26. g3 g5 27. gxf4 gxf4 28. Rd1 Kf7 29. Kg2 Kg6 30. Kh3 Kf5 31. Kg2 Rc7 32. a4 Rc2+ 33. Kg1 Rd2 34. Re1 Rxd4 35. h4 Kxe5 0-1

[Event "55th Rubinstein Memorial-C 2019"]
[Site "Polanica-Zdroj"]
[Date "2019.08.18"]
[Round "2.29"]
[White "Budzisz, Adrian"]
[Black "Rog, Mateusz"]
[Result "1-0"]
[ECO "B52"]
[WhiteElo "1631"]
[BlackElo "1473"]
[Annotator "NA"]
[PlyCount "55"]
[EventDate "2019.08.17"]
[EventType "swiss"]
[EventCountry "POL"]
[SourceTitle "playchess.com"]
[Source "ChessBase"]
[SourceQuality "1"]
[TimeControl "40/5400+30:1800+30"]

1. e4 c5 2. Nf3 d6 3. Bb5+ Bd7 4. Bxd7+ Nxd7 5. O-O Ngf6 6. Re1 e6 7. b3 Be7 8. Bb2 O-O 9. c4 a6 10. d4 b5 11. Nbd2 Rb8 12. Qc2 cxd4 13. Nxd4 Qc7 14. Rac1 bxc4 15. Qd1 Ne5 16. Nxc4 Nxc4 17. Rxc4 Qd7 18. Qc2 d5 19. Rc7 Qd8 20. exd5 Nxd5 21. Rc4 Nb4 22. Qc3 Nxa2 23. Qe3 Qd7 24. Nc6 Rb5 25. Qd4 Qxd4 26. Nxe7+ Kh8 27. Bxd4 Rxb3 28. Nc6 1-0

[Event "55th Rubinstein Memorial-C 2019"]
[Site "Polanica-Zdroj"]
[Date "2019.08.18"]
[Round "2.30"]
[White "Bialik, Nikodem"]
[Black "Bugaj, Hanna"]
[Result "1/2-1/2"]
[ECO "B33"]
[WhiteElo "1472"]
[BlackElo "1622"]
[Annotator "NA"]
[PlyCount "64"]
[EventDate "2019.08.17"]
[EventType "swiss"]
[EventCountry "POL"]
[SourceTitle "playchess.com"]
[Source "ChessBase"]
[SourceQuality "1"]
[TimeControl "40/5400+30:1800+30"]

1. e4 c5 2. Nf3 Nc6 3. d4 cxd4 4. Nxd4 Nf6 5. Nxc6 bxc6 6. Bd3 e5 7. c4 Be7 8. O-O O-O 9. Be3 d6 10. f3 Ne8 11. Qc2 Nc7 12. Nc3 Ne6 13. Ne2 a5 14. b3 Qc7 15. f4 c5 16. Nc3 Nd4 17. Qf2 f6 18. f5 Bb7 19. Qh4 Bd8 20. g4 Qf7 21. Kf2 Bc6 22. Rg1 h6 23. Qg3 a4 24. bxa4 Bxa4 25. Nxa4 Rxa4 26. Bxd4 cxd4 27. Bc2 Ra6 28. Qd3 Qa7 29. Bb3 Qc5 30. Kf3 Ba5 31. Rac1 Bc3 32. Rc2 Rb8 1/2-1/2

[Event "55th Rubinstein Memorial-C 2019"]
[Site "Polanica-Zdroj"]
[Date "2019.08.18"]
[Round "2.31"]
[White "Mytnik, Kinga"]
[Black "Karalchuk, Alieksej"]
[Result "1-0"]
[ECO "B20"]
[WhiteElo "1620"]
[BlackElo "1443"]
[Annotator "NA"]
[PlyCount "60"]
[EventDate "2019.08.17"]
[EventType "swiss"]
[EventCountry "POL"]
[SourceTitle "playchess.com"]
[Source "ChessBase"]
[SourceQuality "1"]
[TimeControl "40/5400+30:1800+30"]

1. d3 c5 2. e4 Nc6 3. f4 d6 4. Nf3 Bg4 5. c3 g6 6. g3 Bg7 7. Bg2 e6 8. h3 Bxf3 9. Qxf3 Nge7 10. Na3 Qc7 11. Nb5 Qd7 12. Qe2 f5 13. Be3 O-O-O 14. O-O-O Kb8 15. Na3 Na5 16. Bf2 e5 17. Qd2 Qa4 18. Qc2 Qxc2+ 19. Kxc2 Nac6 20. Nc4 b5 21. Ne3 Kc7 22. Rhe1 fxe4 23. dxe4 Rhf8 24. Nd5+ Nxd5 25. exd5 Ne7 26. Be3 Rf7 27. fxe5 Bxe5 28. Bf4 Bxf4 29. gxf4 Nc8 30. Re4 Rdf8 1-0